Workbook
Name Equip.comuns.armados: [1]Equipamentos!$N$27
Name Equip.comuns.todos: [1]Equipamentos!$N$15
Name mat.usocomum: '[2]Mat Uso Comum '!$G$10
Name UNIF.agenteseg: [1]Uniformes!#REF!
Name UNIF.armado: [1]Uniformes!$H$14
Name UNIF.bomb.brigadista: [1]Uniformes!#REF!
Name UNIF.desarmado: [1]Uniformes!$H$26
Name UNIF.supervisor: [1]Uniformes!#REF!

Sheet TOTAL CONTRATO
B2: QUADRO-RESUMO - TOTAL ESTIMADO DOS SERVIÇOS
B3: CONTRATO
B5: SERVIÇOS DE JARDINAGEM
B6: E ARBORIZAÇÃO URBANA
B7: SÃO MATEUS DO SUL - PR
B9: Tipo de Serviço | D9: Unit/Mês | E9: Meses | F9: Qtde. Prevista. | G9: TOTAL
B10: I | C10: Responsável Técnico 20H | D10: =ROUND('Responsável Técnico'!C37,2) -> 0 | E10: 12 | F10: 1 | G10: =D10*E10*F10 -> 0
B11: II | C11: Operador de Motosserra 40h | D11: =ROUND('Operador de Motosserra'!C126,2) -> 0 | E11: 12 | F11: 2 | G11: =D11*E11*F11 -> 0
B12: III | C12: Jardineiro 40h | D12: =ROUND(Jardineiro!C125,2) -> 0 | E12: 12 | F12: 4 | G12: =D12*E12*F12 -> 0
B13: IV | C13: Auxiliar de Serviços Gerais 40h | D13: =ROUND('Auxiliar de Serviços Gerais'!C125,2) -> 0 | E13: 12 | F13: 8 | G13: =D13*E13*F13 -> 0
B14: V | C14: TOTAL SERVIÇOS | E14: 12 | F14: =SUM(F10:F13) -> 15 | G14: =SUM(G10:G13) -> 0
B15: VI | C15: Veículo | D15: =ROUND(G15/E15,2) -> 0 | E15: 12 | G15: =ROUND(Veículos!D80,2) -> 0
B16: VII | C16: VALOR TOTAL GLOBAL ESTIMADO | G16: =G14+G15 -> 0
B17: VIII | C17: VALOR TOTAL A FATURAR MENSAL ESTIMADO | G17: =SUM(G16/12) -> 0
B18: DATA DA CONCLUSÃO DA FORMAÇÃO DE PREÇO

Sheet Responsável Técnico
A1: PLANILHA DE CUSTOS E FORMAÇÃO DE PREÇOS, PROCESSO Nº 1543/2025
A9: RESPONSÁVEL TÉCNICO
A11: Objeto: | B11: Serviços de Jardinagem e Arborização Urbana
A12: CBO: | B12: 2221-20
A14: Identificação da empresa proponente
A15: Razão Social:
A16: CNPJ:
A17: Regime Tributário: | B17: Lucro Presumido
A18: Data da apresentação da proposta (dia/mês/ano)
A19: Município/UF | B19: São Mateus do Sul - PR
A20: Ano do Acordo, Convenção ou Dissídio Coletivo | B20: SIEMACO PR x SEAC PR cct 2026 - 2028
A21: Tipo de Serviço | B21: Responsável Técnico 1 hora diária
A22: Número de meses de execução contratual | B22: 12
A24: IMPORTANTE: Para efeito de elaboração da planilha de custos os dados abaixo deverão ser informados/cotados os valores unitários mensais
A27: MÓDULO 1: COMPOSIÇÃO DA REMUNERAÇÃO
A28: 1 - COMPOSIÇÃO DA REMUNERAÇÃO
A29: A - Salário base
A30: TOTAL DA REMUNERAÇÃO : | C30: =SUM(C29) -> 0
A32: MÓDULO 2: Insumos Diversos
A33: 5 - INSUMOS DIVERSOS | C33: Valor (R$)
A34: A - Uniformes e EPI | C34: ='Uniformes e EPIs'!F37 -> 0
A35: TOTAL | C35: =C34 -> 0
A37: VALOR TOTAL POR EMPREGADO | C37: =C30+C35 -> 0
A40: Memorial de cálculo do Responsável Técnico
A41: Vinculo empregatício: Contrato de prestação de serviços (Conforme Tabela de carga horária por modalidade do CREA PR)
A44: "c) REMUNERAÇÃO MENSAL: Deverá ser respeitado o parâmetro de 1 salário mínimo mensal para cada hora diária trabalhada. Obs.: o valor no contrato deverá ser expresso em reais, de acordo com o salário mínimo vigente. (Exemplo: Se a carga horária for 2 horas/dia, a remuneração será 2 salários mínimos/mês). "

Sheet Operador de Motosserra
A1: PLANILHA DE CUSTOS E FORMAÇÃO DE PREÇOS, PROCESSO Nº 1543/2025
A9: OPERADOR DE MOTOSSERRA
A11: Objeto: | B11: Serviços de Jardinagem e Arborização Urbana
A12: CBO da função: | B12: 6321-20
A14: Identificação da empresa proponente
A15: Razão Social:
A16: CNPJ:
A17: Regime Tributário: | B17: Lucro Presumido
A18: Data da apresentação da proposta (dia/mês/ano)
A19: Município/UF | B19: São Mateus do Sul - PR
A20: Ano do Acordo, Convenção ou Dissídio Coletivo | B20: SIEMACO PR x SEAC PR cct 2026 - 2028
A21: Tipo de Serviço | B21: Operador de Motosserra 40h
A22: Número de meses de execução contratual | B22: 12
A24: IMPORTANTE: Para efeito de elaboração da planilha de custos os dados abaixo deverão ser informados/cotados os valores unitários mensais por empregado
A27: MÓDULO 1: COMPOSIÇÃO DA REMUNERAÇÃO
A28: 1 - COMPOSIÇÃO DA REMUNERAÇÃO
A29: A - Salário base
A30: B - Adicional de Insalubridade Salário Mínimo Federal x 20%
A31: TOTAL DA REMUNERAÇÃO : | C31: =SUM(C29:C30) -> 0
A33: MÓDULO 2: Encargos e Benefícios Anuais, Mensais e Diários
A34: 2.1 - Contingenciamento - Resolução 169/2013 CNJ
A35: A - 13º salário | B35: 0.0833 | C35: =$C$31*B35 -> 0
A36: B- Férias | B36: 0.0833 | C36: =$C$31*B36 -> 0
A37: C - Adicional de férias | B37: 0.0278 | C37: =$C$31*B37 -> 0
A38: Subtotal | B38: =SUM(B35:B37) -> 0.1944 | C38: =SUM(C35:C37) -> 0
A39: D - Incidência do módulo 4 sobre 13º Salário e Adicional de Férias | B39: =+B38*B52 -> 0.0715392 | C39: =$C$31*B39 -> 0
A40: E - Multa do FGTS por dispensa sem justa causa | B40: 0.0347 | C40: =$C$31*B40 -> 0
A41: TOTAL | B41: =B39+B38+B40 -> 0.3006392 | C41: =C39+C38+C40 -> 0
A43: 2.2 - Encargos Previdenciários (GPS), Fundo de Garantia por Tempo de Serviço (FGTS) e outras contribuições. | B43: % | C43: Valor (R$)
A44: A - INSS | B44: 0.2 | C44: =$C$31*B44 -> 0
A45: B - Salário Educação | B45: 0.025 | C45: =$C$31*B45 -> 0
A46: C - RAT Ajustado | B46: 0.03 | C46: =$C$31*B46 -> 0
A47: D - SESC ou SESI | B47: 0.015 | C47: =$C$31*B47 -> 0
A48: E - SENAI - SENAC | B48: 0.01 | C48: =$C$31*B48 -> 0
A49: F - SEBRAE | B49: 0.006 | C49: =$C$31*B49 -> 0
A50: G - INCRA | B50: 0.002 | C50: =$C$31*B50 -> 0
A51: H - FGTS | B51: 0.08 | C51: =$C$31*B51 -> 0
A52: TOTAL | B52: =SUM(B44:B51) -> 0.368 | C52: =SUM(C44:C51) -> 0
A54: 2.3 - Benefícios Mensais e Diários
A55: A - Transporte Cláusula 15ª CCT (R$3,50 * 22 * 2 - 6% salário base) | B55: 3.5
A56: B - Vale Alimentação Cláusula 13ª CCT R$900,00 - 20% benefício - B' | B56: 900
A57: B' - Vale Alimentação Férias 1/12 Cláusula 13ª CCT §8º R$720,00 /12 | B57: 720
A58: C - Auxílio Creche Cláusula 11ª CCT eventual | C58: - | E58: 5929.74 | F58: 0.0025
A59: D - Assistência Médica Cláusula 16ª CCT | C59: -
A60: E - Benefício Social Familiar Cláusula 17ª CCT | C60: -
A61: E' - Reserva técnica – benefícios sociais eventuais previstos em CCT (nascimento de filho) §4º Outros Auxílios eventual | B61: 1300 | C61: -
A62: F - Qualificação/ Formação Profissional Cláusula 23ª CCT | C62: -
A63: TOTAL | C63: =SUM(C55:C62) -> 0
A64: Quadro-Resumo do Módulo 2 | C64: Valor (R$)
A65: 2.1 - Contingenciamento - Resolução 169/2013 CNJ | C65: =+C41 -> 0
A66: 2.2 - GPS, FGTS e outras contribuições | C66: =+C52 -> 0
A67: 2.3 - Benefícios Mensais e Diários | C67: =+C63 -> 0
A68: TOTAL | C68: =SUM(C65:C67) -> 0
A70: MÓDULO 3: Provisão para Rescisão
A71: 3 - Provisão para rescisão | B71: % | C71: Valor (R$)
A72: A - Aviso prévio indenizado | B72: 0.0208 | C72: =$C$31*B72 -> 0
A73: B - Incidência do FGTS sobre o aviso prévio indenizado | B73: 0.0017 | C73: =$C$31*B73 -> 0
A74: C - Multa do FGTS do aviso prévio indenizado | B74: 0.049 | C74: =$C$31*B74 -> 0
A75: D - Aviso prévio trabalhado | B75: 0.0194 | C75: =($C$31+C55+C56+C57)*B75 -> 0
A76: E - Incidência do submódulo 2.2 sobre aviso prévio trabalhado | B76: 0.0072 | C76: =$C$31*B76 -> 0
A77: F - Multa do FGTS sobre o aviso prévio trabalhado | B77: 0.025 | C77: =+B77*C31 -> 0
A78: TOTAL | B78: =SUM(B72:B77) -> 0.1231 | C78: =SUM(C72:C77) -> 0
A80: MÓDULO 4: Custo de Reposição do Profissional Ausente
A81: 4 - Custo de Reposição do Profissional Ausente
A82: A - Substituto na cobertura de Ausências Legais | B82: 0.022 | C82: =+B82*$C$31 -> 0
A83: B - Substituto na cobertura de Licença-Paternidade | B83: 0.0008 | C83: =+B83*$C$31 -> 0
A84: C -Substituto na cobertura de Ausência por acidente de trabalho | B84: 0.0033 | C84: =+B84*$C$31 -> 0
A85: D - Substituto na cobertura de Afastamento Maternidade | B85: 0.0007 | C85: =+B85*$C$31 -> 0
A86: E - Substituto na cobertura de Auxilio Doença | B86: 0.0166 | C86: =+B86*$C$31 -> 0
A87: TOTAL | C87: =SUM(C82:C86) -> 0
A89: MÓDULO 5: Insumos Diversos
A90: 5 - INSUMOS DIVERSOS | C90: Valor (R$)
A91: A – Ferramentas Manuais | C91: ='Ferramentas Manuais'!E49 -> 0
A92: B – Uniformes e EPIs | C92: ='Uniformes e EPIs'!F61 -> 0
A93: C - Máquinas e Equipamentos | C93: ='Máquinas e Equipamentos'!G172 -> 0
A94: TOTAL | C94: =SUM(C91:C92) -> 0
A96: MÓDULO 6: Custos Indiretos, Tributos e Lucros
A97: 6 - Custos indiretos, tributos e lucro | B97: % | C97: Valor (R$)
A98: BASE DE CÁLCULO DOS CUSTOS INDIRETOS/DESPESAS OPERACIONAIS/ADMINISTRATIVAS (Módulo 1 + Módulo 2+ Módulo 3 + Módulo 4 + Módulo 5) | C98: =+C94+C87+C78+C68+C31 -> 0
A100: A - Custos indiretos | B100: 0.05 | C100: =C98*B100 -> 0
A101: BASE DE CÁLCULO DO LUCRO = ((Módulo 1 + Módulo 2+ Módulo 3 + Módulo 4 + Módulo 5 + Custos Indiretos) | C101: =C98+C100 -> 0
A103: B - Lucro | B103: 0.1 | C103: =C101*B103 -> 0
A104: C - Tributos
A105: BASE DE CÁLCULO DOS TRIBUTOS | C105: =+C103+C100+C98 -> 0
A106: CÁLCULO DOS TRIBUTOS = Base de Cálculo dos Tributos / (1-(Total de Tributos em % dividido por 100)] x Alíquota do tributo
A107: C1. Tributos Federais
A108: COFINS | B108: 0.03 | C108: =(C105)*B108/(1-(B111)) -> 0
A109: PIS | B109: 0.0065 | C109: =(C105)*B109/(1-(B111)) -> 0
A110: C2. Tributos Municipais - ISS | B110: 0.04 | C110: =(C105)*B110/(1-(B111)) -> 0
A111: SUBTOTAL Tributos | B111: =SUM(B108:B110) -> 0.0765 | C111: =SUM(C108:C110) -> 0
A113: TOTAL | C113: =C100+C103+C111 -> 0
A116: QUADRO-RESUMO DO CUSTO POR EMPREGADO
A118: Mão-de-obra vinculada à execução contratual (Valor por empregado) | C118: (R$)
A119: A - Módulo 1 - Composição da Remuneração | C119: =C31 -> 0
A120: B - Módulo 2 - Encargos e Benefícios Anuais, Mensais e Diários | C120: =+C68 -> 0
A121: C - Módulo 3 - Provisão para Rescisão | C121: =+C78 -> 0
A122: D - Módulo 4 - Custo de Reposição do Profissional Ausente | C122: =+C87 -> 0
A123: E - Módulo 5 - Insumos Diversos | C123: =+C94 -> 0
A124: Subtotal (A+B+C+D+E) | C124: =SUM(C119:C123) -> 0
A125: F - Módulo 6 - Custos indiretos, tributos e lucro | C125: =C113 -> 0
...

Sheet Jardineiro
A1: PLANILHA DE CUSTOS E FORMAÇÃO DE PREÇOS, PROCESSO Nº 1543/2025
A9: JARDINEIRO
A11: Objeto: | B11: Serviços de Jardinagem e Arborização Urbana
A12: CBO da função: | B12: 6220-10
A14: Identificação da empresa proponente
A15: Razão Social:
A16: CNPJ:
A17: Regime Tributário: | B17: Lucro Presumido
A18: Data da apresentação da proposta (dia/mês/ano)
A19: Município/UF | B19: São Mateus do Sul - PR
A20: Ano do Acordo, Convenção ou Dissídio Coletivo | B20: SIEMACO PR x SEAC PR cct 2026 - 2028
A21: Tipo de Serviço | B21: Jardineiro 40h
A22: Número de meses de execução contratual | B22: 12
A24: IMPORTANTE: Para efeito de elaboração da planilha de custos os dados abaixo deverão ser informados/cotados os valores unitários mensais por empregado
A27: MÓDULO 1: COMPOSIÇÃO DA REMUNERAÇÃO
A28: 1 - COMPOSIÇÃO DA REMUNERAÇÃO
A29: A - Salário base
A30: B - Adicional de Insalubridade Salário Mínimo Federal x 20%
A31: TOTAL DA REMUNERAÇÃO : | C31: =SUM(C29:C30) -> 0
A33: MÓDULO 2: Encargos e Benefícios Anuais, Mensais e Diários
A34: 2.1 - Contingenciamento - Resolução 169/2013 CNJ
A35: A - 13º salário | B35: 0.0833 | C35: =$C$31*B35 -> 0
A36: B- Férias | B36: 0.0833 | C36: =$C$31*B36 -> 0
A37: C - Adicional de férias | B37: 0.0278 | C37: =$C$31*B37 -> 0
A38: Subtotal | B38: =SUM(B35:B37) -> 0.1944 | C38: =SUM(C35:C37) -> 0
A39: D - Incidência do módulo 4 sobre 13º Salário e Adicional de Férias | B39: =+B38*B52 -> 0.0715392 | C39: =$C$31*B39 -> 0
A40: E - Multa do FGTS por dispensa sem justa causa | B40: 0.0347 | C40: =$C$31*B40 -> 0
A41: TOTAL | B41: =B39+B38+B40 -> 0.3006392 | C41: =C39+C38+C40 -> 0
A43: 2.2 - Encargos Previdenciários (GPS), Fundo de Garantia por Tempo de Serviço (FGTS) e outras contribuições. | B43: % | C43: Valor (R$)
A44: A - INSS | B44: 0.2 | C44: =$C$31*B44 -> 0
A45: B - Salário Educação | B45: 0.025 | C45: =$C$31*B45 -> 0
A46: C - RAT Ajustado | B46: 0.03 | C46: =$C$31*B46 -> 0
A47: D - SESC ou SESI | B47: 0.015 | C47: =$C$31*B47 -> 0
A48: E - SENAI - SENAC | B48: 0.01 | C48: =$C$31*B48 -> 0
A49: F - SEBRAE | B49: 0.006 | C49: =$C$31*B49 -> 0
A50: G - INCRA | B50: 0.002 | C50: =$C$31*B50 -> 0
A51: H - FGTS | B51: 0.08 | C51: =$C$31*B51 -> 0
A52: TOTAL | B52: =SUM(B44:B51) -> 0.368 | C52: =SUM(C44:C51) -> 0
A54: 2.3 - Benefícios Mensais e Diários
A55: A - Transporte Cláusula 15ª CCT (R$3,50 * 22 * 2 - 6% salário base) | B55: 3.5
A56: B - Vale Alimentação Cláusula 13ª CCT R$900,00 - 20% benefício - B' | B56: 900
A57: B' - Vale Alimentação Férias 1/12 Cláusula 13ª CCT §8º R$720,00 /12 | B57: 720
A58: C - Auxílio Creche Cláusula 11ª CCT eventual | C58: - | E58: 5929.74 | F58: 0.0025
A59: D - Assistência Médica Cláusula 16ª CCT | C59: -
A60: E - Benefício Social Familiar Cláusula 17ª CCT | C60: -
A61: E' - Reserva técnica – benefícios sociais eventuais previstos em CCT (nascimento de filho) §4º Outros Auxílios eventual | B61: 1300 | C61: -
A62: F - Qualificação/ Formação Profissional Cláusula 23ª CCT | C62: -
A63: TOTAL | C63: =SUM(C55:C62) -> 0
A64: Quadro-Resumo do Módulo 2 | C64: Valor (R$)
A65: 2.1 - Contingenciamento - Resolução 169/2013 CNJ | C65: =+C41 -> 0
A66: 2.2 - GPS, FGTS e outras contribuições | C66: =+C52 -> 0
A67: 2.3 - Benefícios Mensais e Diários | C67: =+C63 -> 0
A68: TOTAL | C68: =SUM(C65:C67) -> 0
A70: MÓDULO 3: Provisão para Rescisão
A71: 3 - Provisão para rescisão | B71: % | C71: Valor (R$)
A72: A - Aviso prévio indenizado | B72: 0.0208 | C72: =$C$31*B72 -> 0
A73: B - Incidência do FGTS sobre o aviso prévio indenizado | B73: 0.0017 | C73: =$C$31*B73 -> 0
A74: C - Multa do FGTS do aviso prévio indenizado | B74: 0.049 | C74: =$C$31*B74 -> 0
A75: D - Aviso prévio trabalhado | B75: 0.0194 | C75: =($C$31+C55+C56+C57)*B75 -> 0
A76: E - Incidência do submódulo 2.2 sobre aviso prévio trabalhado | B76: 0.0072 | C76: =$C$31*B76 -> 0
A77: F - Multa do FGTS sobre o aviso prévio trabalhado | B77: 0.025 | C77: =+B77*C31 -> 0
A78: TOTAL | B78: =SUM(B72:B77) -> 0.1231 | C78: =SUM(C72:C77) -> 0
A80: MÓDULO 4: Custo de Reposição do Profissional Ausente | C80: =+C31+C38+C52+C57+C78+C85+C92 -> 0
A81: 4 - Custo de Reposição do Profissional Ausente
A82: A - Substituto na cobertura de Ausências Legais | B82: 0.022 | C82: =+B82*$C$31 -> 0
A83: B - Substituto na cobertura de Licença-Paternidade | B83: 0.0008 | C83: =+B83*$C$31 -> 0
A84: C -Substituto na cobertura de Ausência por acidente de trabalho | B84: 0.0033 | C84: =+B84*$C$31 -> 0
A85: D - Substituto na cobertura de Afastamento Maternidade | B85: 0.0007 | C85: =+B85*$C$31 -> 0
A86: E - Substituto na cobertura de Auxilio Doença | B86: 0.0166 | C86: =+B86*$C$31 -> 0
A87: TOTAL | C87: =SUM(C82:C86) -> 0
A89: MÓDULO 5: Insumos Diversos
A90: 5 - INSUMOS DIVERSOS | C90: Valor (R$)
A91: A – Ferramentas Manuais | C91: ='Ferramentas Manuais'!E49 -> 0
A92: B – Uniformes e EPIs | C92: ='Uniformes e EPIs'!F61 -> 0
A93: TOTAL | C93: =SUM(C91:C92) -> 0
A95: MÓDULO 6: Custos Indiretos, Tributos e Lucros
A96: 6 - Custos indiretos, tributos e lucro | B96: % | C96: Valor (R$)
A97: BASE DE CÁLCULO DOS CUSTOS INDIRETOS/DESPESAS OPERACIONAIS/ADMINISTRATIVAS (Módulo 1 + Módulo 2+ Módulo 3 + Módulo 4 + Módulo 5) | C97: =+C93+C87+C78+C68+C31 -> 0
A99: A - Custos indiretos | B99: 0.05 | C99: =C97*B99 -> 0
A100: BASE DE CÁLCULO DO LUCRO = ((Módulo 1 + Módulo 2+ Módulo 3 + Módulo 4 + Módulo 5 + Custos Indiretos) | C100: =C97+C99 -> 0
A102: B - Lucro | B102: 0.1 | C102: =C100*B102 -> 0
A103: C - Tributos
A104: BASE DE CÁLCULO DOS TRIBUTOS | C104: =+C102+C99+C97 -> 0
A105: CÁLCULO DOS TRIBUTOS = Base de Cálculo dos Tributos / (1-(Total de Tributos em % dividido por 100)] x Alíquota do tributo
A106: C1. Tributos Federais
A107: COFINS | B107: 0.03 | C107: =(C104)*B107/(1-(B110)) -> 0
A108: PIS | B108: 0.0065 | C108: =(C104)*B108/(1-(B110)) -> 0
A109: C2. Tributos Municipais - ISS | B109: 0.04 | C109: =(C104)*B109/(1-(B110)) -> 0
A110: SUBTOTAL Tributos | B110: =SUM(B107:B109) -> 0.0765 | C110: =SUM(C107:C109) -> 0
A112: TOTAL | C112: =C99+C102+C110 -> 0
A115: QUADRO-RESUMO DO CUSTO POR EMPREGADO
A117: Mão-de-obra vinculada à execução contratual (Valor por empregado) | C117: (R$)
A118: A - Módulo 1 - Composição da Remuneração | C118: =C31 -> 0
A119: B - Módulo 2 - Encargos e Benefícios Anuais, Mensais e Diários | C119: =+C68 -> 0
A120: C - Módulo 3 - Provisão para Rescisão | C120: =+C78 -> 0
A121: D - Módulo 4 - Custo de Reposição do Profissional Ausente | C121: =+C87 -> 0
A122: E - Módulo 5 - Insumos Diversos | C122: =+C93 -> 0
A123: Subtotal (A+B+C+D+E) | C123: =SUM(C118:C122) -> 0
A124: F - Módulo 6 - Custos indiretos, tributos e lucro | C124: =C112 -> 0
A125: VALOR TOTAL POR EMPREGADO | C125: =TRUNC(C123+C124,2) -> 0

Sheet Auxiliar de Serviços Gerais
A1: PLANILHA DE CUSTOS E FORMAÇÃO DE PREÇOS, PROCESSO Nº 1543/2025
A9: AUXILIAR DE SERVIÇOS GERAIS
A11: Objeto: | B11: Serviços de Jardinagem e Arborização Urbana
A12: CBO da função: | B12: 9922-25
A14: Identificação da empresa proponente
A15: Razão Social:
A16: CNPJ:
A17: Regime Tributário: | B17: Lucro Presumido
A18: Data da apresentação da proposta (dia/mês/ano)
A19: Município/UF | B19: São Mateus do Sul - PR
A20: Ano do Acordo, Convenção ou Dissídio Coletivo | B20: SIEMACO PR x SEAC PR cct 2026 - 2028
A21: Tipo de Serviço | B21: Auxiliar de Serviços Gerais 40h
A22: Número de meses de execução contratual | B22: 12
A24: IMPORTANTE: Para efeito de elaboração da planilha de custos os dados abaixo deverão ser informados/cotados os valores unitários mensais por empregado
A27: MÓDULO 1: COMPOSIÇÃO DA REMUNERAÇÃO
A28: 1 - COMPOSIÇÃO DA REMUNERAÇÃO
A29: A - Salário base
A30: B - Adicional de Insalubridade Salário Mínimo Federal x 20%
A31: TOTAL DA REMUNERAÇÃO : | C31: =SUM(C29:C30) -> 0
A33: MÓDULO 2: Encargos e Benefícios Anuais, Mensais e Diários
A34: 2.1 - Contingenciamento - Resolução 169/2013 CNJ
A35: A - 13º salário | B35: 0.0833 | C35: =$C$31*B35 -> 0
A36: B- Férias | B36: 0.0833 | C36: =$C$31*B36 -> 0
A37: C - Adicional de férias | B37: 0.0278 | C37: =$C$31*B37 -> 0
A38: Subtotal | B38: =SUM(B35:B37) -> 0.1944 | C38: =SUM(C35:C37) -> 0
A39: D - Incidência do módulo 4 sobre 13º Salário e Adicional de Férias | B39: =+B38*B52 -> 0.0715392 | C39: =$C$31*B39 -> 0
A40: E - Multa do FGTS por dispensa sem justa causa | B40: 0.0347 | C40: =$C$31*B40 -> 0
A41: TOTAL | B41: =B39+B38+B40 -> 0.3006392 | C41: =C39+C38+C40 -> 0
A43: 2.2 - Encargos Previdenciários (GPS), Fundo de Garantia por Tempo de Serviço (FGTS) e outras contribuições. | B43: % | C43: Valor (R$)
A44: A - INSS | B44: 0.2 | C44: =$C$31*B44 -> 0
A45: B - Salário Educação | B45: 0.025 | C45: =$C$31*B45 -> 0
A46: C - RAT Ajustado | B46: 0.03 | C46: =$C$31*B46 -> 0
A47: D - SESC ou SESI | B47: 0.015 | C47: =$C$31*B47 -> 0
A48: E - SENAI - SENAC | B48: 0.01 | C48: =$C$31*B48 -> 0
A49: F - SEBRAE | B49: 0.006 | C49: =$C$31*B49 -> 0
A50: G - INCRA | B50: 0.002 | C50: =$C$31*B50 -> 0
A51: H - FGTS | B51: 0.08 | C51: =$C$31*B51 -> 0
A52: TOTAL | B52: =SUM(B44:B51) -> 0.368 | C52: =SUM(C44:C51) -> 0
A54: 2.3 - Benefícios Mensais e Diários
A55: A - Transporte Cláusula 15ª CCT (R$3,50 * 22 * 2 - 6% salário base) | B55: 3.5
A56: B - Vale Alimentação Cláusula 13ª CCT R$900,00 - 20% benefício - B' | B56: 900
A57: B' - Vale Alimentação Férias 1/12 Cláusula 13ª CCT §8º R$720,00 /12 | B57: 720
A58: C - Auxílio Creche Cláusula 11ª CCT eventual | C58: - | E58: 5929.74 | F58: 0.0025
A59: D - Assistência Médica Cláusula 16ª CCT | C59: -
A60: E - Benefício Social Familiar Cláusula 17ª CCT | C60: -
A61: E' - Reserva técnica – benefícios sociais eventuais previstos em CCT (nascimento de filho) §4º Outros Auxílios eventual | B61: 1300 | C61: -
A62: F - Qualificação/ Formação Profissional Cláusula 23ª CCT | C62: -
A63: TOTAL | C63: =SUM(C55:C62) -> 0
A64: Quadro-Resumo do Módulo 2 | C64: Valor (R$)
A65: 2.1 - Contingenciamento - Resolução 169/2013 CNJ | C65: =+C41 -> 0
A66: 2.2 - GPS, FGTS e outras contribuições | C66: =+C52 -> 0
A67: 2.3 - Benefícios Mensais e Diários | C67: =+C63 -> 0
A68: TOTAL | C68: =SUM(C65:C67) -> 0
A70: MÓDULO 3: Provisão para Rescisão
A71: 3 - Provisão para rescisão | B71: % | C71: Valor (R$)
A72: A - Aviso prévio indenizado | B72: 0.0208 | C72: =$C$31*B72 -> 0
A73: B - Incidência do FGTS sobre o aviso prévio indenizado | B73: 0.0017 | C73: =$C$31*B73 -> 0
A74: C - Multa do FGTS do aviso prévio indenizado | B74: 0.049 | C74: =$C$31*B74 -> 0
A75: D - Aviso prévio trabalhado | B75: 0.0194 | C75: =($C$31+C55+C56+C57)*B75 -> 0
A76: E - Incidência do submódulo 2.2 sobre aviso prévio trabalhado | B76: 0.0072 | C76: =$C$31*B76 -> 0
A77: F - Multa do FGTS sobre o aviso prévio trabalhado | B77: 0.025 | C77: =+B77*C31 -> 0
A78: TOTAL | B78: =SUM(B72:B77) -> 0.1231 | C78: =SUM(C72:C77) -> 0
A80: MÓDULO 4: Custo de Reposição do Profissional Ausente | C80: =+C31+C38+C52+C57+C78+C85+C92 -> 0
A81: 4 - Custo de Reposição do Profissional Ausente
A82: A - Substituto na cobertura de Ausências Legais | B82: 0.022 | C82: =+B82*$C$31 -> 0
A83: B - Substituto na cobertura de Licença-Paternidade | B83: 0.0008 | C83: =+B83*$C$31 -> 0
A84: C -Substituto na cobertura de Ausência por acidente de trabalho | B84: 0.0033 | C84: =+B84*$C$31 -> 0
A85: D - Substituto na cobertura de Afastamento Maternidade | B85: 0.0007 | C85: =+B85*$C$31 -> 0
A86: E - Substituto na cobertura de Auxilio Doença | B86: 0.0166 | C86: =+B86*$C$31 -> 0
A87: TOTAL | C87: =SUM(C82:C86) -> 0
A89: MÓDULO 5: Insumos Diversos
A90: 5 - INSUMOS DIVERSOS | C90: Valor (R$)
A91: A – Ferramentas Manuais | C91: ='Ferramentas Manuais'!E49 -> 0
A92: B – Uniformes e EPIs | C92: ='Uniformes e EPIs'!F61 -> 0
A93: TOTAL | C93: =SUM(C91:C92) -> 0
A95: MÓDULO 6: Custos Indiretos, Tributos e Lucros
A96: 6 - Custos indiretos, tributos e lucro | B96: % | C96: Valor (R$)
A97: BASE DE CÁLCULO DOS CUSTOS INDIRETOS/DESPESAS OPERACIONAIS/ADMINISTRATIVAS (Módulo 1 + Módulo 2+ Módulo 3 + Módulo 4 + Módulo 5) | C97: =+C93+C87+C78+C68+C31 -> 0
A99: A - Custos indiretos | B99: 0.05 | C99: =C97*B99 -> 0
A100: BASE DE CÁLCULO DO LUCRO = ((Módulo 1 + Módulo 2+ Módulo 3 + Módulo 4 + Módulo 5 + Custos Indiretos) | C100: =C97+C99 -> 0
A102: B - Lucro | B102: 0.1 | C102: =C100*B102 -> 0
A103: C - Tributos
A104: BASE DE CÁLCULO DOS TRIBUTOS | C104: =+C102+C99+C97 -> 0
A105: CÁLCULO DOS TRIBUTOS = Base de Cálculo dos Tributos / (1-(Total de Tributos em % dividido por 100)] x Alíquota do tributo
A106: C1. Tributos Federais
A107: COFINS | B107: 0.03 | C107: =(C104)*B107/(1-(B110)) -> 0
A108: PIS | B108: 0.0065 | C108: =(C104)*B108/(1-(B110)) -> 0
A109: C2. Tributos Municipais - ISS | B109: 0.04 | C109: =(C104)*B109/(1-(B110)) -> 0
A110: SUBTOTAL Tributos | B110: =SUM(B107:B109) -> 0.0765 | C110: =SUM(C107:C109) -> 0
A112: TOTAL | C112: =C99+C102+C110 -> 0
A115: QUADRO-RESUMO DO CUSTO POR EMPREGADO
A117: Mão-de-obra vinculada à execução contratual (Valor por empregado) | C117: (R$)
A118: A - Módulo 1 - Composição da Remuneração | C118: =C31 -> 0
A119: B - Módulo 2 - Encargos e Benefícios Anuais, Mensais e Diários | C119: =+C68 -> 0
A120: C - Módulo 3 - Provisão para Rescisão | C120: =+C78 -> 0
A121: D - Módulo 4 - Custo de Reposição do Profissional Ausente | C121: =+C87 -> 0
A122: E - Módulo 5 - Insumos Diversos | C122: =+C93 -> 0
A123: Subtotal (A+B+C+D+E) | C123: =SUM(C118:C122) -> 0
A124: F - Módulo 6 - Custos indiretos, tributos e lucro | C124: =C112 -> 0
A125: VALOR TOTAL POR EMPREGADO | C125: =TRUNC(C123+C124,2) -> 0

Sheet Ferramentas Manuais
A1: PLANILHA DE CUSTOS E FORMAÇÃO DE PREÇOS, PROCESSO Nº 1543/2025
A9: FERRAMENTAS MANUAIS
A11: Objeto: | B11: Serviços de Jardinagem e Arborização Urbana
A12: CBO da função:
A14: Identificação da empresa proponente
A15: Razão Social:
A16: CNPJ:
A17: Regime Tributário: | B17: Lucro Presumido
A18: Data da apresentação da proposta (dia/mês/ano)
A19: Município/UF | B19: São Mateus do Sul - PR
A20: Ano do Acordo, Convenção ou Dissídio Coletivo | B20: SIEMACO PR x SEAC PR cct 2026 - 2028
A21: Número de meses de execução contratual | B21: 12
A23: IMPORTANTE: Para efeito de elaboração da planilha de custos os dados abaixo deverão ser informados/cotados os valores mensais
A26: Discriminação | B26: Unidade | C26: Quantidade/ano | D26: Preço unitário | E26: Total Ano
A27: Colher para jardinagem; | B27: unidade | C27: 6 | E27: =ROUND(C27*D27,2) -> 0
A28: Garfo para Jardinagem; | B28: unidade | C28: 6 | E28: =ROUND(C28*D28,2) -> 0
A29: Vassoura | B29: unidade | C29: 6 | E29: =ROUND(C29*D29,2) -> 0
A30: Enxada; | B30: unidade | C30: 15 | E30: =ROUND(C30*D30,2) -> 0
A31: Cortadeira; | B31: unidade | C31: 6 | E31: =ROUND(C31*D31,2) -> 0
A32: Foice; | B32: unidade | C32: 6 | E32: =ROUND(C32*D32,2) -> 0
A33: Tesoura de poda; | B33: unidade | C33: 6 | E33: =ROUND(C33*D33,2) -> 0
A34: Serrote de poda; | B34: unidade | C34: 6 | E34: =ROUND(C34*D34,2) -> 0
A35: Picareta; | B35: unidade | C35: 3 | E35: =ROUND(C35*D35,2) -> 0
A36: Machado; | B36: unidade | C36: 3 | E36: =ROUND(C36*D36,2) -> 0
A37: Garfo Curvo; | B37: unidade | C37: 6 | E37: =ROUND(C37*D37,2) -> 0
A38: Rastelo ancinho curvo; | B38: unidade | C38: 6 | E38: =ROUND(C38*D38,2) -> 0
... A44: Saco De Lixo Preto Reforçado 100 Litros. | B44: Pct c/100 | C44: 10 | E44: =ROUND(C44*D44,2) -> 0
A45: Total anual | E45: =ROUND(SUM(E27:E44),2) -> 0
A46: Preço médio estimado de acordo com cotações anexas
E47: Total Mensal
A48: Total Mensal | E48: =ROUND(E45/12,2) -> 0
A49: Rateio por funcionário | D49: 3 | E49: =E48/D49 -> 0

Sheet Veículos
A1: PLANILHA DE CUSTOS E FORMAÇÃO DE PREÇOS, PROCESSO Nº 1543/2025
A9: VEÍCULO
A11: Objeto: | D11: Serviços de Jardinagem e Arborização Urbana
A12: Identificação da empresa proponente
A13: Razão Social:
A14: CNPJ:
A15: Regime Tributário: | D15: Lucro Presumido
A16: Data da apresentação da proposta (dia/mês/ano)
A17: Município/UF | D17: São Mateus do Sul - PR
A18: Ano do Acordo, Convenção ou Dissídio Coletivo | D18: SIEMACO PR x SEAC PR cct 2026 - 2028
A19: Número de meses de execução contratual | D19: 12
A20: Quilometragem Mensal: | D20: 1.200 km
A22: IMPORTANTE: Para efeito de elaboração da planilha de custos os dados abaixo deverão ser informados/cotados os valores mensais
A25: Depreciação (12 meses)
A26: Discriminação | B26: Unidade | D26: Quantidade | E26: Preço unitário | F26: Subtotal | G26: Total mensal (R$)
A27: Veículo de apoio (Com até 10 anos de uso) | B27: unidade | D27: 1 | F27: =D27*E27 -> 0 | G27: =F28/12 -> 0
A28: Depreciação (12 meses) | B28: % | D28: 10 | E28: =F27 -> 0 | F28: =E28*D28/100 -> 0
A29: ¹ Preço médio estimado de acordo com cotações anexas
A32: Remuneração do Capital Investido
A33: Discriminação | B33: Unidade | D33: Quantidade | E33: Preço unitário | F33: Subtotal | G33: Total mensal (R$)
A34: Veículo de apoio (Com até 10 anos de uso) | B34: unidade | D34: 1 | F34: =D34*E34 -> 0 | G34: =SUM(F34:F35)/12 -> 0
A35: Remuneração mensal de capital | B35: % | D35: 0.5 | E35: =F34 -> 0 | F35: =D35*E35/100 -> 0
A38: Consumos
A39: Discriminação | B39: Unidade | D39: Quantidade/mês | E39: Preço unitário | F39: Subtotal | G39: Total mensal (R$)
A40: Custo de gasolina | B40: Lt | D40: 120 | G40: =F41 -> 0
A41: Custo mensal com gasolina | B41: 10km/Lt | D41: 120 | F41: =D41*E41 -> 0
A44: Manutenção
A45: Discriminação | B45: Unidade | D45: Quantidade | E45: Preço unitário | F45: Subtotal | G45: Total mensal (R$)
A46: Custo de aquisição do veículo | B46: unidade | D46: =D27 -> 1 | F46: =D46*E46 -> 0 | G46: =F48 -> 0
A47: Custo estim. c/manutenção (12 meses) | B47: % | D47: 30 | E47: =F46 -> 0 | F47: =D47*E47/100 -> 0
A48: Custo mensal com manutenção | B48: mês | D48: 12 | E48: =F47 -> 0 | F48: =E48/D48 -> 0
A51: ¹ Preço médio estimado de acordo com cotações anexas
A53: Total | G53: =SUM(G46,G40,G34,G27) -> 0
A55: COMPOSIÇÃO DOS CUSTOS
A57: DESCRIÇÃO | G57: VALOR TORTAL
A58: Custo Veiculo Apoio | G58: =+G53 -> 0
A59: (-) DEPRECIAÇÃO - REMUNERAÇÃO DO CAPITAL | G59: =G27+G34 -> 0
A60: BASE DE CÁLCULO LUCRATIVIDADE | G60: =G58-G59 -> 0
A64: TOTAL VEÍCULO | G64: =G60 -> 0
A66: COMPOSIÇÃO DOS CUSTOS
A67: Módulo 4 -
A68: A – Custos Indiretos (Despesas Administrativas/Operacionais) | C68: 0.05 | D68: =+G64*C68 -> 0
A69: B – Lucro | C69: 0.1 | D69: =+G64*C69 -> 0
A71: Módulo 5 – TRIBUTOS
A72: Apuração do Coeficiente | D72: =1-C79 -> 0.9235
A73: A - Tributos Federais
A74: COFINS | C74: 0.03 | D74: =+G64*C74 -> 0
A75: PIS | C75: 0.0065 | D75: =+G64*C75 -> 0
A76: SIMPLES NACIONAL
A77: B - Tributos Municipais
A78: ISSQN | C78: 0.04 | D78: =+G64*C78 -> 0
A79: SUBTOTAL TOTAL TRIBUTOS | C79: =SUM(C73:C78) -> 0.0765 | D79: =SUM(D73:D78) -> 0
A80: TOTAL ANUAL | D80: =ROUND(D81*12,2) -> 0
A81: TOTAL MENSAL | D81: =ROUND(+G64+D68+D69+D79,2) -> 0

Sheet Máquinas e Equipamentos
A1: PLANILHA DE CUSTOS E FORMAÇÃO DE PREÇOS, PROCESSO Nº 1543/2025
A9: MÁQUINAS E EQUIPAMENTOS
A11: Objeto: | D11: Serviços de Jardinagem e Arborização Urbana
A12: Identificação da empresa proponente
A13: Razão Social:
A14: CNPJ:
A15: Regime Tributário: | D15: Lucro Presumido
A16: Data da apresentação da proposta (dia/mês/ano)
A17: Município/UF | D17: São Mateus do Sul - PR
A18: Ano do Acordo, Convenção ou Dissídio Coletivo | D18: SIEMACO PR x SEAC PR cct 2026 - 2028
A19: Número de meses de execução contratual | D19: 12
A21: IMPORTANTE: Para efeito de elaboração da planilha de custos os dados abaixo deverão ser informados/cotados os valores mensais
A24: Motosserra 30cc
A26: Depreciação
A27: Discriminação | C27: Unidade | D27: Quantidade | E27: Preço unitário | F27: Subtotal | G27: Total mensal (R$)
A28: Custo de Aquisição | C28: unidade | D28: 1 | F28: =D28*E28 -> 0 | G28: =SUM(F28:F29)/12 -> 0
A29: Depreciação da motosserra (12 meses) | C29: % | D29: 10 | E29: =F28 -> 0 | F29: =D29*E29/100 -> 0
A31: ¹ Preço médio estimado de acordo com cotações anexas
A34: Remuneração do Capital Investido
A35: Discriminação | C35: Unidade | D35: Quantidade | E35: Preço unitário | F35: Subtotal | G35: Total mensal (R$)
A36: Custo de Aquisição | C36: unidade | D36: 1 | F36: =D36*E36 -> 0
A37: Remuneração mensal de capital | C37: % | D37: 0.5 | E37: =F36 -> 0 | F37: =D37*E37/100 -> 0
G38: =F37 -> 0
A40: Consumos
A41: Discriminação | C41: Unidade | D41: Quantidade | E41: Preço unitário | F41: Subtotal | G41: Total mensal (R$)
A42: Custo de gasolina / m poda | C42: Lt | D42: 1
A43: Custo mensal com gasolina | C43: 1,5Lt/Dia | D43: 30 | F43: =E43*D43 -> 0 | G43: =F43 -> 0
A44: Custo óleo | C44: 30ml/Dia | D44: 22 | F44: =D44*E44 -> 0 | G44: =F44 -> 0
G45: =SUM(G43:G44) -> 0
A47: Manutenção
A48: Discriminação | C48: Unidade | D48: Quantidade | E48: Preço unitário | F48: Subtotal | G48: Total mensal (R$)
A49: Custo de Aquisição | C49: unidade | D49: =D28 -> 1 | E49: =E28 -> 0 | F49: =D49*E49 -> 0
A50: Custo estim. c/manutenção (12 meses) | C50: % | D50: 30 | E50: =F49 -> 0 | F50: =D50*E50/100 -> 0
A51: Custo mensal com manutenção | C51: mês | D51: 12 | E51: =F50 -> 0 | F51: =E51/D51 -> 0
G52: =F51 -> 0
A55: Total Motosserra | G55: =G52+G45+G38+G28 -> 0
A57: COMPOSIÇÃO DOS CUSTOS
A59: DESCRIÇÃO | G59: VALOR TORTAL
A60: Motosserra 30cc | G60: =+G55 -> 0
A61: (-) DEPRECIAÇÃO - REMUNERAÇÃO DO CAPITAL | G61: =+(G28+G38)/12 -> 0
A62: BASE DE CÁLCULO LUCRATIVIDADE | G62: =+G60-G61 -> 0
A63: ESTIMATIVA CUSTO MENSAL MOTOSSERRA 30 CC | D63: =G62 -> 0
A65: Motosserra 60cc
A67: Depreciação
A68: Discriminação | C68: Unidade | D68: Quantidade | E68: Preço unitário | F68: Subtotal | G68: Total mensal (R$)
A69: Custo de Aquisição | C69: unidade | D69: 1 | F69: =D69*E69 -> 0 | G69: =SUM(F69:F70)/12 -> 0
A70: Depreciação da motosserra (12 meses) | C70: % | D70: 10 | E70: =F69 -> 0 | F70: =D70*E70/100 -> 0
A72: ¹ Preço médio estimado de acordo com cotações anexas
A75: Remuneração do Capital Investido
A76: Discriminação | C76: Unidade | D76: Quantidade | E76: Preço unitário | F76: Subtotal | G76: Total mensal (R$)
A77: Custo de Aquisição | C77: unidade | D77: 1 | F77: =D77*E77 -> 0
A78: Remuneração mensal de capital | C78: % | D78: 0.5 | E78: =F77 -> 0 | F78: =D78*E78/100 -> 0
G79: =F78 -> 0
A81: Consumos
A82: Discriminação | C82: Unidade | D82: Quantidade | E82: Preço unitário | F82: Subtotal | G82: Total mensal (R$)
A83: Custo de gasolina / m poda | C83: Lt | D83: 1
A84: Custo mensal com gasolina | C84: 1,5Lt/Dia | D84: 30 | F84: =E84*D84 -> 0 | G84: =F84 -> 0
A85: Custo óleo | C85: 30ml/Dia | D85: 22 | F85: =D85*E85 -> 0 | G85: =F85 -> 0
G86: =SUM(G84:G85) -> 0
A88: Manutenção
A89: Discriminação | C89: Unidade | D89: Quantidade | E89: Preço unitário | F89: Subtotal | G89: Total mensal (R$)
A90: Custo de Aquisição | C90: unidade | D90: =D69 -> 1 | E90: =E69 -> 0 | F90: =D90*E90 -> 0
A91: Custo estim. c/manutenção (12 meses) | C91: % | D91: 30 | E91: =F90 -> 0 | F91: =D91*E91/100 -> 0
A92: Custo mensal com manutenção | C92: mês | D92: 12 | E92: =F91 -> 0 | F92: =E92/D92 -> 0
G93: =F92 -> 0
A96: Total Motosserra | G96: =G93+G86+G79+G69 -> 0
A98: COMPOSIÇÃO DOS CUSTOS
A100: DESCRIÇÃO | G100: VALOR TORTAL
A101: Motosserra 60 cc | G101: =+G96 -> 0
A102: (-) DEPRECIAÇÃO - REMUNERAÇÃO DO CAPITAL | G102: =+(G69+G79)/12 -> 0
A103: BASE DE CÁLCULO LUCRATIVIDADE | G103: =+G101-G102 -> 0
A104: ESTIMATIVA CUSTO MENSAL MOTOSSERRA 60 CC | D104: =G103 -> 0
A106: Motopodador de galhos
A108: Depreciação
A109: Discriminação | C109: Unidade | D109: Quantidade | E109: Preço unitário | F109: Subtotal | G109: Total mensal (R$)
A110: Custo de Aquisição | C110: unidade | D110: 1 | F110: =D110*E110 -> 0 | G110: =SUM(F110:F111)/12 -> 0
A111: Depreciação do motopodador (12 meses) | C111: % | D111: 10 | E111: =F110 -> 0 | F111: =D111*E111/100 -> 0
A113: ¹ Preço médio estimado de acordo com cotações anexas
A116: Remuneração do Capital Investido
A117: Discriminação | C117: Unidade | D117: Quantidade | E117: Preço unitário | F117: Subtotal | G117: Total mensal (R$)
A118: Custo de Aquisição | C118: unidade | D118: 1 | F118: =D118*E118 -> 0
A119: Remuneração mensal de capital | C119: % | D119: 0.5 | E119: =F118 -> 0 | F119: =D119*E119/100 -> 0
G120: =F119 -> 0
A122: Consumos
A123: Discriminação | C123: Unidade | D123: Quantidade | E123: Preço unitário | F123: Subtotal | G123: Total mensal (R$)
A124: Custo de gasolina / m poda | C124: Lt | D124: 1
A125: Custo mensal com gasolina | C125: 1,5Lt/Dia | D125: 30 | G125: =F125 -> 0
A126: Custo óleo | C126: 30ml/Dia | D126: 22 | F126: =D126*E126 -> 0 | G126: =F126 -> 0
G127: =SUM(G125:G126) -> 0
A129: Manutenção
A130: Discriminação | C130: Unidade | D130: Quantidade | E130: Preço unitário | F130: Subtotal | G130: Total mensal (R$)
A131: Custo de Aquisição | C131: unidade | D131: =D110 -> 1 | E131: =E110 -> 0 | F131: =D131*E131 -> 0
A132: Custo estim. c/manutenção (12 meses) | C132: % | D132: 30 | E132: =F131 -> 0 | F132: =D132*E132/100 -> 0
A133: Custo mensal com manutenção | C133: mês | D133: 12 | E133: =F132 -> 0 | F133: =E133/D133 -> 0
G134: =F133 -> 0
A137: Total motopodador | G137: =G134+G127+G120+G110 -> 0
A139: Aparador de Cerca Viva
A141: Depreciação
A142: Discriminação | C142: Unidade | D142: Quantidade | E142: Preço unitário | F142: Subtotal | G142: Total mensal (R$)
A143: Custo de Aquisição | C143: unidade | D143: 1 | F143: =D143*E143 -> 0 | G143: =SUM(F143:F144)/12 -> 0
...

Sheet Uniformes e EPIs
A1: PLANILHA DE CUSTOS E FORMAÇÃO DE PREÇOS, PROCESSO Nº 1543/2025
A9: UNIFORMES E EPI'S
A11: Objeto: | D11: Serviços de Jardinagem e Arborização Urbana
A12: Identificação da empresa proponente
A13: Razão Social:
A14: CNPJ:
A15: Regime Tributário: | D15: Lucro Presumido
A16: Data da apresentação da proposta (dia/mês/ano)
A17: Município/UF | D17: São Mateus do Sul - PR
A18: Ano do Acordo, Convenção ou Dissídio Coletivo | D18: SIEMACO PR x SEAC PR cct 2026 - 2028
A19: Número de meses de execução contratual | D19: 12
A21: IMPORTANTE: Para efeito de elaboração da planilha de custos os dados abaixo deverão ser informados/cotados os valores mensais
A24: Uniformes e EPI's Resp. Técnico
A26: Discriminação | B26: Unidade | C26: Quantidade | D26: Preço unitário | E26: Total Ano | F26: Total Mes (R$)
A27: Calça | B27: unidade | C27: 2 | E27: =C27*D27 -> 0 | F27: =E27/12 -> 0
A28: Camiseta | B28: unidade | C28: 2 | E28: =C28*D28 -> 0 | F28: =E28/12 -> 0
A29: Boné | B29: unidade | C29: 1 | E29: =C29*D29 -> 0 | F29: =E29/12 -> 0
A30: Calçado com bico de aço | B30: par | C30: 1 | E30: =C30*D30 -> 0 | F30: =E30/12 -> 0
A31: Capa de chuva amarela com refletivo | B31: unidade | C31: 1 | E31: =C31*D31 -> 0 | F31: =E31/12 -> 0
A32: Colete refletivo | B32: unidade | C32: 1 | E32: =C32*D32 -> 0 | F32: =E32/12 -> 0
A33: Luva de proteção Vaqueta | B33: par | C33: 2 | E33: =C33*D33 -> 0 | F33: =E33/12 -> 0
A34: Protetor Auricular tipo Plug | B34: Unidade | C34: 2 | E34: =C34*D34 -> 0 | F34: =E34/12 -> 0
A35: Óculos de proteção | B35: Unidade | C35: 2 | E35: =C35*D35 -> 0 | F35: =E35/12 -> 0
A36: Protetor solar FPS 30 | B36: frasco 120g | C36: 4 | E36: =C36*D36 -> 0 | F36: =E36/12 -> 0
D37: =SUM(D27:D36) -> 0 | E37: =SUM(E27:E36) -> 0 | F37: =SUM(F27:F36) -> 0
D39: Qnt. RESPONSÁVEL TÉCNICO | F39: TOTAL Mensal
A40: RESUMO: TOTAL MÊS Resp. Técnico | D40: 1 | F40: =F37*D40 -> 0
A43: Uniformes e EPI's para Op. Maquinas (Motosserra)
A45: Discriminação | B45: Unidade | C45: Quantidade | D45: Preço unitário | E45: Total Ano | F45: Total Mes (R$)
A46: Calça | B46: unidade | C46: 6 | E46: =C46*D46 -> 0 | F46: =E46/12 -> 0
A47: Camiseta | B47: unidade | C47: 6 | E47: =C47*D47 -> 0 | F47: =E47/12 -> 0
A48: Boné | B48: unidade | C48: 2 | E48: =C48*D48 -> 0 | F48: =E48/12 -> 0
A49: Calçado com bico de aço | B49: par | C49: 3 | E49: =C49*D49 -> 0 | F49: =E49/12 -> 0
A50: Meia de algodão com cano alto | B50: par | C50: 6 | E50: =C50*D50 -> 0 | F50: =E50/12 -> 0
A51: Capa de chuva amarela com refletivo | B51: unidade | C51: 1 | E51: =C51*D51 -> 0 | F51: =E51/12 -> 0
A52: Colete refletivo | B52: unidade | C52: 2 | E52: =C52*D52 -> 0 | F52: =E52/12 -> 0
A53: Luva de proteção Vaqueta | B53: par | C53: 6 | E53: =C53*D53 -> 0 | F53: =E53/12 -> 0
A54: Luva de proteção Motosserra | B54: par | C54: 4 | E54: =C54*D54 -> 0 | F54: =E54/12 -> 0
A55: Perneira de proteção | B55: par | C55: 2 | E55: =C55*D55 -> 0 | F55: =E55/12 -> 0
A56: Óculos de proteção | B56: unidade | C56: 2 | E56: =C56*D56 -> 0 | F56: =E56/12 -> 0
A57: Protetor Auricular tipo Abafador | B57: Unidade | C57: 2 | E57: =C57*D57 -> 0 | F57: =E57/12 -> 0
... A60: Capacete com carneira, Jugular e protetor facial | B60: Kit | C60: 1 | E60: =C60*D60 -> 0 | F60: =E60/12 -> 0
D61: =SUM(D46:D60) -> 0 | E61: =SUM(E46:E59) -> 0 | F61: =SUM(F46:F59) -> 0
D64: Qnt. OP. DE MAQUINAS | F64: TOTAL Mensal
A65: RESUMO: TOTAL MÊS/OP. DE MAQUINAS | D65: 2 | F65: =F61*D65 -> 0
A68: Uniformes e EPI's para Jardineiros
A70: Discriminação | B70: Unidade | C70: Quantidade | D70: Preço unitário | E70: Total Ano | F70: Total Mes (R$)
A71: Calça | B71: unidade | C71: 6 | E71: =C71*D71 -> 0 | F71: =E71/12 -> 0
A72: Camiseta | B72: unidade | C72: 6 | E72: =C72*D72 -> 0 | F72: =E72/12 -> 0
A73: Boné | B73: unidade | C73: 2 | E73: =C73*D73 -> 0 | F73: =E73/12 -> 0
A74: Calçado com bico de aço | B74: par | C74: 2 | E74: =C74*D74 -> 0 | F74: =E74/12 -> 0
A75: Meia de algodão com cano alto | B75: par | C75: 6 | E75: =C75*D75 -> 0 | F75: =E75/12 -> 0
A76: Capa de chuva amarela com refletivo | B76: unidade | C76: 1 | E76: =C76*D76 -> 0 | F76: =E76/12 -> 0
A77: Colete refletivo | B77: unidade | C77: 2 | E77: =C77*D77 -> 0 | F77: =E77/12 -> 0
A78: Luva de proteção Vaqueta | B78: par | C78: 6 | E78: =C78*D78 -> 0 | F78: =E78/12 -> 0
A79: Protetor Auricular tipo Plug | B79: Unidade | C79: 4 | E79: =C79*D79 -> 0 | F79: =E79/12 -> 0
A80: Perneira de proteção | B80: par | C80: 2 | E80: =C80*D80 -> 0 | F80: =E80/12 -> 0
A81: Óculos de proteção | B81: unidade | C81: 4 | E81: =C81*D81 -> 0 | F81: =E81/12 -> 0
A82: Protetor solar FPS 30 | B82: frasco 120g | C82: 24 | E82: =C82*D82 -> 0 | F82: =E82/12 -> 0
A83: Total do Efetivo Preposto | D83: =SUM(D71:D82) -> 0 | E83: =SUM(E71:E82) -> 0 | F83: =SUM(F71:F82) -> 0
D86: Qnt. JARDINEIROS | F86: TOTAL Mensal
A87: RESUMO: TOTAL MÊS/JARDINEIROS | D87: 4 | F87: =F83*D87 -> 0
A90: Uniformes e EPI's para Aux. De serviços Gerais
A92: Discriminação | B92: Unidade | C92: Quantidade | D92: Preço unitário | E92: Total Ano | F92: Total Mes (R$)
A93: Calça | B93: unidade | C93: 6 | E93: =C93*D93 -> 0 | F93: =E93/12 -> 0
A94: Camiseta | B94: unidade | C94: 6 | E94: =C94*D94 -> 0 | F94: =E94/12 -> 0
A95: Boné | B95: unidade | C95: 2 | E95: =C95*D95 -> 0 | F95: =E95/12 -> 0
A96: Calçado com bico de aço | B96: par | C96: 2 | E96: =C96*D96 -> 0 | F96: =E96/12 -> 0
A97: Meia de algodão com cano alto | B97: par | C97: 6 | E97: =C97*D97 -> 0 | F97: =E97/12 -> 0
A98: Capa de chuva amarela com refletivo | B98: unidade | C98: 1 | E98: =C98*D98 -> 0 | F98: =E98/12 -> 0
A99: Colete refletivo | B99: unidade | C99: 2 | E99: =C99*D99 -> 0 | F99: =E99/12 -> 0
A100: Luva de proteção Vaqueta | B100: par | C100: 6 | E100: =C100*D100 -> 0 | F100: =E100/12 -> 0
A101: Protetor Auricular tipo Plug | B101: Unidade | C101: 4 | E101: =C101*D101 -> 0 | F101: =E101/12 -> 0
A102: Perneira de proteção | B102: par | C102: 2 | E102: =C102*D102 -> 0 | F102: =E102/12 -> 0
A103: Óculos de proteção | B103: unidade | C103: 4 | E103: =C103*D103 -> 0 | F103: =E103/12 -> 0
A104: Protetor solar FPS 30 | B104: frasco 120g | C104: 24 | E104: =C104*D104 -> 0 | F104: =E104/12 -> 0
A105: Total do Efetivo Preposto | D105: =SUM(D93:D104) -> 0 | E105: =SUM(E93:E104) -> 0 | F105: =SUM(F93:F104) -> 0
D108: Qnt. AUX. SERV. GERAIS | F108: TOTAL Mensal
A109: RESUMO: TOTAL MÊS/AUX. DE SERV. GERAIS | D109: 8 | F109: =F105*D109 -> 0

Sheet CTG
B2: PLANILHA DE CONTINGENCIAMENTO DOS ENCARGOS TRABALHISTAS*
B3: * Conforme Resolução nº 169/2013 do Conselho Nacional de Justiça - CNJ
B5: ENCARGO | C5: PERCENTUAL
B6: Férias | C6: 0.0833
B7: 1/3 Constitucional | C7: =(1/3)*C6 -> 0.027766667
B8: 13º Salário | C8: 0.0833
B9: Subtotal | C9: =SUM(C6:D8) -> 0.19436667
C10: Mínimo | D10: Máximo
B11: Encargos Previdenciários/FGTS | C11: 0.343 | D11: 0.398
B12: Incidência dos encargos previdenciários e FGTS sobre férias, 1/3 constitucional e 13º salário* | C12: =TRUNC(C9*C11,4) -> 0.0666 | D12: =C9*D11 -> 0.077357933
B13: Multa do FGTS por dispensa sem justa causa | C13: 0.0347
B14: Total de encargos a contingenciar | C14: =C9+C12+C13 -> 0.29566667 | D14: =C9+D12+C13+0.0001 -> 0.3065246
B15: * Variação percentual possível em função do RAT ajustado (RATxFAP)
